 Dungeon Crawl Stone Soup version 0.26-a0-1132-ge9770dfcb6 (webtiles) character file.

Game seed: 3330860629845238734

2679 vurker the Chiller (level 9, -33/72 HPs)
             Began as a Demigod Ice Elementalist on Dec 19, 2020.
             Annihilated by an orc knight
             ... wielding a +0 broad axe
              (45 damage)
             ... in a bailey.
             The game lasted 00:16:57 (10199 turns).

vurker the Chiller (Demigod Ice Elementalist)      Turns: 10199, Time: 00:16:58

Health: -33/72     AC:  7    Str: 11    XL:     9   Next: 15%
Magic:  1/22       EV: 12    Int: 25    God:
Gold:   185        SH:  6    Dex: 16    Spells: 8/20 levels left

rFire    + . .     SeeInvis .   l - +3 whip (venom)
rCold    . . .     Faith    .   A - +2 buckler
rNeg     . . .     Spirit   .   j - +2 robe {rF+}
rPois    .         Reflect  .   a - +1 helmet
rElec    .         Harm     .   s - +0 cloak
rCorr    .         Rampage  .   (no gloves)
Will     .....                  (no boots)
Stlth    +++.......             (no amulet)
HPRegen  0.22/turn              e - ring of stealth
MPRegen  0.18/turn              (no ring)

@: about to teleport, frozen ramparts
A: high mp 1
a: no special abilities


You were in a bailey.
You visited 1 branch of the dungeon, and saw 8 of its levels.
You also visited: Bailey.

You collected 297 gold pieces.
You spent 112 gold pieces at shops.

Inventory:

Hand Weapons
 l - a +3 whip of venom (weapon)
   (You took it off a kobold on level 2 of the Dungeon)
 q - the +6 mace "Goblinslayer" {vamp, Str+6 SInv}
   (You took it off an orc on level 4 of the Dungeon)

   It inflicts no extra harm, but heals its wielder when it wounds a living foe.
   It affects your strength (+6).
   It lets you see invisible.
Armour
 a - a +1 helmet (worn)
   (You found it on level 1 of the Dungeon)
 j - a +2 robe of fire resistance (worn)
   (You found it on level 1 of the Dungeon)
 s - a +0 cloak (worn)
   (You found it on level 4 of the Dungeon)
 A - a +2 buckler (worn)
   (You found it on level 6 of the Dungeon)
Magical Staves
 x - an uncursed staff of poison
   (You found it on level 6 of the Dungeon)
Jewellery
 e - a ring of stealth (left hand)
   (You found it on level 1 of the Dungeon)
Wands
 t - a wand of flame (17)
   (You found it on level 2 of the Dungeon)
Scrolls
 d - 2 scrolls of teleportation
 f - a scroll of enchant armour
 h - 4 scrolls of amnesia
 m - 2 scrolls of immolation
 p - a scroll of blinking
 u - a scroll of fog
 v - a scroll of magic mapping
 y - 2 scrolls of enchant weapon
Potions
 b - a potion of lignification {unknown}
 c - 2 potions of flight
 g - a potion of haste {unknown}
 k - 2 potions of heal wounds
 n - a potion of might {unknown}
 o - 3 potions of curing
 r - a potion of mutation {unknown}
 w - a potion of magic
 z - a potion of resistance


   Skills:
 + Level 4.4 Fighting
 - Level 1.7 Dodging
 - Level 1.7 Stealth
 + Level 2.0 Shields
 * Level 6.3 Spellcasting
 - Level 3.0 Conjurations
 - Level 3.0 Summonings
 * Level 7.6 Ice Magic


You had 8 spell levels left.
You knew the following spells:

 Your Spells              Type           Power        Failure   Level
a - Freeze                Ice            100%         1%          1
b - Frozen Ramparts       Ice            92%          1%          3
c - Hailstorm             Conj/Ice       34%          10%         4
d - Summon Ice Beast      Ice/Summ       34%          10%         4

Your spell library contained the following spells:

 Spells                   Type           Power        Failure   Level
 Ozocubu's Armour         Ice            46%          1%          3


Dungeon Overview and Level Annotations

Branches:
Dungeon (8/15)             Temple (0/1) D:4          Bailey (1/1)
   Lair: D:8-11

Shops:
D:7 ?

Annotations:
D:4 2 transporters


Innate Abilities, Weirdness & Mutations

You have an increased reservoir of magic. (+10% MP)


Message History

You close the door.
An orc knight opens the door.
You close the door.
An orc knight opens the door.
You close the door.
An orc knight opens the door.
You close the door.
An orc knight opens the door.
You close the door.
An orc knight opens the door.
The orc knight roars a battlecry!
The orcs go into a battle-frenzy!
As you close the door, it creaks loudly!
An orc knight opens the door.
A gate leading back out of this place.
The walls around you are covered in ice.
The wall freezes the orc knight.
The orc knight hits you with a +0 broad axe!!
A chill wind blows around you.
The wall freezes the orc knight.
Your frozen ramparts will break if you move.
Continue?
Okay, then.
The wall freezes the orc knight.
The orc knight roars a battlecry!
The orc knight goes into a battle-frenzy!
The wall freezes the orc knight!
The wall freezes the orc knight!
The orc knight misses you.
The wall freezes the orc knight.
A cannonade of hail descends around you!
The hail pelts the orc knight!
The hail pelts the hobgoblin.
The wall freezes the orc knight.
The wall freezes the orc knight!
Your frozen ramparts will break if you move.
Continue? [Y]es or [N]o only, please.
Your frozen ramparts will break if you move.
Continue? [Y]es or [N]o only, please.
Your frozen ramparts will break if you move.
Continue?
Okay, then.
Unknown command.
You don't have enough magic to cast that spell.
Aim: an orc knight, wielding a +0 war axe and wearing a +0 scale mail (severely wounded, strong, 40% to evade)
The puff of flame misses the orc knight.
The puff of flame hits the hobgoblin.
You kill the hobgoblin!
The wall freezes the orc knight.
The orc knight closely misses you.
The orc knight hits your ice beast with a +0 broad axe!!
The wall freezes the orc knight.
The orc knight hits you with a +0 war axe!!
* * * LOW HITPOINT WARNING * * *
Okay, then.
As you read the scroll of teleportation, it crumbles to dust.
You feel strangely unstable.
Your ice beast hits the orc knight but does no damage.
The wall freezes the orc knight.
The orc knight hits you with a +0 broad axe!!!
Ouch! That really hurt!
You die...

#..((≈.≈(...#
#'###≈.≈###'#
#...(≈.≈....#
#'###≈o≈###'#
#^.((≈o≈((..#
#'###≈g≈###'#
#∩..(≈.≈(..∩#
######o######
##.@o##
#8.Y.8#
##.∩.## ##8##
###


You could see 2 orc knights, an orc warrior (strong), an orc (strong), a goblin
and a friendly ice beast (summoned).

Vanquished Creatures
  Prince Ribbit (D:5)
  Sigmund (D:4)
  Menkaure (D:4)
  Edmund (D:6)
  An ice beast (D:5)
  A sky beast (D:5)
  3 orc warriors
  3 ogres
  2 centaurs (D:7)
  3 bullfrogs
  A scorpion (D:5)
  3 killer bees (D:8)
  A howler monkey (D:6)
  A jelly (D:6)
  3 iron imps (D:6)
  A centaur skeleton (D:8)
  3 orc priests
  2 hounds
  2 orc wizards
  An iguana (D:6)
  4 worker ants
  A hound zombie (D:3)
  A hound skeleton (D:3)
  2 worker ant zombies
  A howler monkey skeleton (D:3)
  16 adders
  4 gnolls (D:4)
  A shadow imp (D:6)
  2 white imps
  An ooze (D:1)
  3 worms (D:2)
  2 dart slugs
  3 leopard geckos
  19 orcs
  2 ball pythons
  8 giant cockroaches
  10 goblins
  10 hobgoblins
  13 jackals
  3 quokkas
  3 ball python skeletons
  A ball python zombie (D:3)
  6 bats
  7 frilled lizards
  29 kobolds
  A quokka skeleton (D:3)
  7 rats
195 creatures vanquished.

Vanquished Creatures (collateral kills)
  A wraith (D:5)
1 creature vanquished.

Vanquished Creatures (others)
  3 withered plants (D:3)
3 creatures vanquished.

Grand Total: 199 creatures vanquished

Notes
Turn   | Place    | Note
-------+----------+-------------------------------------------
     0 | D:1      | vurker the Demigod Ice Elementalist began the quest for the
                  | Orb.
     0 | D:1      | Reached XP level 1. HP: 14/14 MP: 5/5
   299 | D:1      | Reached XP level 2. HP: 22/22 MP: 5/7
   829 | D:1      | Reached skill level 4 in Ice Magic
  1226 | D:1      | Reached XP level 3. HP: 20/27 MP: 6/9
  1481 | D:2      | Found a basalt altar of Yredelemnul.
  1498 | D:2      | Reached skill level 1 in Fighting
  1503 | D:2      | Learned a level 3 spell: Frozen Ramparts
  1944 | D:2      | Reached XP level 4. HP: 29/35 MP: 8/11
  2904 | D:3      | Found a faded altar of an unknown god.
  3224 | D:3      | Found a white marble altar of Elyvilon.
  3363 | D:3      | Reached XP level 5. HP: 38/41 MP: 12/12
  3420 | D:3      | Found a shadowy altar of Dithmenos.
  4201 | D:3      | Reached skill level 5 in Ice Magic
  4299 | D:4      | Reached XP level 6. HP: 47/48 MP: 5/14
  4368 | D:3      | Learned a level 4 spell: Hailstorm
  4373 | D:3      | Learned a level 4 spell: Summon Ice Beast
  4482 | D:4      | Found an iron altar of Okawaru.
  4488 | D:4      | Identified the +6 mace "Goblinslayer" {vamp, Str+6 SInv}
  4684 | D:4      | Noticed Sigmund
  4699 | D:4      | Killed Sigmund
  4700 | D:4      | Reached skill level 1 in Conjurations
  4700 | D:4      | Reached skill level 1 in Summonings
  4956 | D:4      | Noticed Menkaure
  4964 | D:4      | Killed Menkaure
  4965 | D:4      | Reached XP level 7. HP: 7/56 MP: 7/16
  5351 | D:4      | Found a staircase to the Ecumenical Temple.
  5367 | D:4      | Found a transporter.
  5380 | D:4      | Found a transporter.
  5793 | D:5      | Entered Level 5 of the Dungeon
  6309 | D:5      | Noticed Prince Ribbit
  6330 | D:5      | Killed Prince Ribbit
  6469 | D:5      | Noticed a wraith
  6499 | D:5      | Killed a wraith
  6500 | D:5      | Reached skill level 6 in Ice Magic
  7135 | D:6      | Reached XP level 8. HP: 58/63 MP: 13/18
  7220 | D:6      | Noticed Edmund
  7228 | D:6      | Killed Edmund
  7229 | D:6      | Reached skill level 5 in Spellcasting
  7989 | D:6      | Found a shimmering blue altar of Sif Muna.
  8400 | D:6      | Reached skill level 7 in Ice Magic
  8434 | D:6      | Found a burning altar of Makhleb.
  8617 | D:7      | Reached skill level 1 in Shields
  8969 | D:7      | Found Fenug's Magic Scroll Boutique.
  8972 | D:7      | Bought a scroll of blinking for 112 gold pieces
  9622 | D:8      | Reached XP level 9. HP: 65/71 MP: 21/21
  9665 | D:8      | Found a flagged portal.
  9784 | Bailey   | Entered a bailey
 10143 | Bailey   | Noticed an orc knight
 10143 | Bailey   | Noticed an orc knight
 10199 | Bailey   | Annihilated by an orc knight

Illustrated notes

Levels and vault maps discovered:
D:1:      kennysheep_arrival_forest, layout_basic
D:2:      layout_basic, yredelemnul_altar_generic
D:3:      layout_loops_ring, nicolae_dithmenos_shadow_blocks,
          lemuel_crystal_altar, serial_undead, serial_undead_e, serial_undead_b,
          serial_undead_a, serial_undead_c,
          chequers_ecumenical_altar_simple_redux
D:4:      gammafunk_steamed_eel, layout_cave_pods, okawaru_ov_weapons_minmay,
          minmay_temple_entry_wispy, uniq_menkaure, uniq_sigmund
D:5:      layout_loops_ring, uniq_prince_ribbit1
D:6:      layout_basic, old_standard_altar, demons_altar, minivault_22,
          uniq_edmund
D:7:      layout_basic, serial_shops, kennysheep_mini_moat
D:8:      layout_loops_corners, kennysheep_mini, erik_lair_island,
          enter_bailey_5
Bailey:   bailey_axe_1, bailey

Skill      XL: |  1  2  3  4  5  6  7  8  9 |
---------------+----------------------------+-----
Spellcasting   | 2 3 4 6 |  6.3
Ice Magic      | 4 5 6 7 |  7.6
Fighting       | 1 2 3 4 |  4.4
Conjurations   | 1 2 3 |  3.0
Summonings     | 1 3 |  3.0
Shields        | 1 2 |  2.0
Dodging        | |  1.7
Stealth        | |  1.7

Action                   |  1- 3 |  4- 6 |  7- 9 || total
-------------------------+-------+-------+-------++-------
Melee: Unarmed           |    11 |       |       ||    11
       Whip              |     8 |   114 |    74 ||   196
       Short sword       |     2 |       |       ||     2
 Cast: Freeze            |    58 |    43 |    34 ||   135
       Frozen Ramparts   |     1 |    18 |    31 ||    50
       Summon Ice Beast  |       |       |    17 ||    17
       Hailstorm         |       |       |    19 ||    19
Evoke: Wand              |       |       |     2 ||     2
  Use: Scroll            |       |     6 |     8 ||    14
       Potion            |       |       |     1 ||     1
 Stab: Sleeping          |     3 |    10 |     2 ||    15
Armor: Robe              |    16 |    31 |    31 ||    78
Dodge: Dodged            |    36 |    93 |   109 ||   238
Block: Buckler           |       |       |    29 ||    29

Table legend: (Time is in decaauts)
 A = Elapsed time spent in this place.
 B = Non-inter-level travel time spent in this place.
 C = Inter-level travel time spent in this place.
 D = Time resting spent in this place.
 E = Time spent auto-exploring this place.
 F = Levels seen in this place.
 G = Mean time per level.
                   A        B        C        D        E       F      G
               +--------+--------+--------+--------+--------+-----+--------+
         Total |  10227 |  10040 |    187 |    715 |   7788 |   9 | 1136.3 |
       Dungeon |   9813 |   9626 |    187 |    487 |   7726 |   8 | 1226.6 |
        Bailey |    414 |    414 |      0 |    228 |     62 |   1 |  414.0 |
               +--------+--------+--------+--------+--------+-----+--------+

Top non-repeatable levels by time:
     D:1: 1681 daAuts
     D:6: 1584 daAuts
     D:3: 1569 daAuts
     D:4: 1334 daAuts
     D:5: 1234 daAuts
     D:2: 1223 daAuts
     D:7: 1012 daAuts
  Bailey: 414 daAuts
     D:8: 172 daAuts
